 Dungeon Crawl Stone Soup version 0.21-a0-401-g0b6bec4 (webtiles) character file.

455 Klosterheim the Ruffian (level 6, 0/59 HPs)
             Began as a Troll Berserker on Oct 22, 2017.
             Was a Priest of Trog.
             Slain by a gnoll
             ... wielding a cursed +0 flail
              (8 damage)
             ... on level 4 of the Dungeon.
             The game lasted 00:05:18 (2715 turns).

Klosterheim the Ruffian (Troll Berserker)           Turns: 2715, Time: 00:05:19

Health: 0/59       AC:  5    Str: 26    XL:     6   Next: 76%
Magic:  5/5        EV: 16    Int:  3    God:    Trog [***...]
Gold:   150        SH:  0    Dex: 16    Spells: 5/5 levels left

rFire    . . .     SeeInvis .     - Unarmed
rCold    . . .     Gourm    +   (no shield)
rNeg     . . .     Faith    .   a - +0 animal skin
rPois    .         Spirit   .   (helmet restricted)
rElec    .         Reflect  .   (no cloak)
rCorr    .         Harm     .   (gloves unavailable)
MR       .....                  (boots unavailable)
Stlth    ++........             (no amulet)
HPRegen  0.59/turn              g - ring of flight
MPRegen  0.09/turn              (no ring)

@: agile, berserk cooldown, slowed, very slow
A: unfitting armour, claws 3, fast metabolism 3, gourmand, regeneration 1,
shaggy fur 1, tough skin 2
a: Berserk, Trog's Hand, Burn Spellbooks, Renounce Religion, Evoke Flight


You were on level 4 of the Dungeon.
You worshipped Trog.
Trog was most pleased with you.
You were very full.

You visited 1 branch of the dungeon, and saw 4 of its levels.

You collected 150 gold pieces.

Inventory:

Armour
 a - a +0 animal skin (worn)
Jewellery
 g - a ring of flight (left claw)
 n - an uncursed ring of poison resistance {unknown}
Scrolls
 e - 3 scrolls of remove curse
 h - 2 scrolls of identify
 k - 4 scrolls of fog
Potions
 d - a potion of lignification
 f - 2 potions of heal wounds {unknown}
 j - 2 potions of agility
 l - a potion of degeneration {unknown}
 o - 2 potions of curing
Comestibles
 b - 4 bread rations
 c - 3 meat rations
 i - a royal jelly
 m - 3 fruits
 q - 3 chunks of flesh


   Skills:
 - Level 2.4 Fighting
 - Level 2.4 Dodging
 * Level 7.7 Unarmed Combat


You had 5 spell levels left.
You didn't know any spells.

Dungeon Overview and Level Annotations

Branches:
Dungeon (4/15)
 Temple: D:4-7

Altars:
Ru


Innate Abilities, Weirdness & Mutations

You are too large for most types of armour.
You have claws for hands.
Your metabolism is lightning-fast.
You like to eat raw meat.
Your natural rate of healing is unusually fast.
You are covered in fur. (AC +1)
You have very tough skin. (AC +2)


Message History

The hound bites you.
* * * LOW HITPOINT WARNING * * *
You closely miss the gnoll. Your claw misses the gnoll.
The gnoll is moderately wounded.
You feel sick. The hound completely misses you. The worker ant bites you.
* * * LOW HITPOINT WARNING * * *
The frilled lizard barely misses you. The gnoll hits you with a flail.
* * * LOW HITPOINT WARNING * * *
The hound bites you.
* * * LOW HITPOINT WARNING * * *
The worker ant bites you.
* * * LOW HITPOINT WARNING * * *
The frilled lizard barely misses you.
You feel better.
Your skin stops crawling.
You feel less resistant to hostile enchantments.
The hound bites you.
* * * LOW HITPOINT WARNING * * *
The worker ant closely misses you. The gnoll hits you with a flail!
You die...

# #............
#............
#........!...
#............
#............
#............ #
#...ahg...... #
#..†l@)...... #
#...######### #
#...################.#
##...................#
##...............####
#...................
#...............####
#...............##..
#...............##.#


You could see a hound, a worker ant, a gnoll and a frilled lizard.

Vanquished Creatures
  An orc warrior (D:3)
  2 orc priests (D:3)
  A bullfrog skeleton (D:2)
  An orc wizard (D:3)
  Jessica (D:3)
  A worker ant (D:4)
  A hound skeleton (D:4)
  3 gnolls (D:4)
  5 adders
  An ooze (D:4)
  2 worms
  3 dart slugs
  2 leopard geckos
  3 orcs (D:3)
  12 bats
  6 giant cockroaches
  8 goblins
  7 hobgoblins
  15 jackals
  4 kobolds
  A quokka (D:2)
  2 ball pythons (D:2)
  4 frilled lizards
  12 rats
98 creatures vanquished.

Notes
Turn   | Place    | Note
-------+----------+-------------------------------------------
     0 | D:1      | Klosterheim the Troll Berserker began the quest for the Orb.
     0 | D:1      | Reached XP level 1. HP: 22/22 MP: 0/0
   152 | D:1      | Reached XP level 2. HP: 25/29 MP: 1/1
   332 | D:1      | Reached skill level 4 in Unarmed Combat
   441 | D:1      | Reached XP level 3. HP: 36/36 MP: 2/2
   695 | D:1      | Reached ** piety under Trog
  1270 | D:2      | Reached skill level 5 in Unarmed Combat
  1270 | D:2      | Reached XP level 4. HP: 40/44 MP: 3/3
  1824 | D:3      | Noticed Jessica
  1829 | D:3      | Killed Jessica
  1829 | D:3      | Reached XP level 5. HP: 37/50 MP: 4/4
  1875 | D:3      | Reached *** piety under Trog
  1890 | D:3      | Reached skill level 6 in Unarmed Combat
  1990 | D:3      | Found a sacrificial altar of Ru.
  2061 | D:3      | Noticed an orc warrior
  2075 | D:3      | Killed an orc warrior
  2075 | D:3      | Reached XP level 6. HP: 59/59 MP: 5/5
  2079 | D:3      | Reached skill level 7 in Unarmed Combat
  2715 | D:4      | Slain by a gnoll

Vault maps used:
D:1:      dpeg_arrival_ratfight, hangedman_decor_points, st_stairs_4,
          minmay_misc_feat_ornament
D:2:      first_bread
D:3:      minmay_door_path, lemuel_tele_altar, uniq_jessica
D:4:      grunt_ministairs_6, uniq_sigmund

Skill      XL: |  1  2  3  4  5  6 |
---------------+-------------------+-----
Unarmed Combat | 4 5 6 7 |  7.7
Fighting       | |  2.4
Dodging        | |  2.4

Action                   |  1- 3 |  4- 6 || total
-------------------------+-------+-------++-------
Melee: Unarmed           |   118 |   114 ||   232
       Punch             |     1 |     5 ||     6
Invok: Berserk           |       |     2 ||     2
       Trog's Hand       |       |     2 ||     2
       Burn Spellbooks   |       |     1 ||     1
  Use: Scroll            |       |     9 ||     9
       Potion            |       |     4 ||     4
 Stab: Sleeping          |     1 |     1 ||     2
  Eat: Chunk             |    17 |    15 ||    32
Armor: Animal skin       |    65 |    34 ||    99
Dodge: Dodged            |    81 |   110 ||   191

Table legend:
 A = Spawn XP
 B = Non-spawn XP
 C = Spawn XP percentage of total XP
 D = Spawn monster count
 E = Non-spawn monster count
 F = Spawn count percentage of total count
 G = Total turns spent on level
                    A         B        C        D         E        F      G
               +---------+---------+-------+---------+---------+-------+---------
         Total |       0 |     651 |   0.0 |       0 |      98 |   0.0 |  2715
               +---------+---------+-------+---------+---------+-------+---------
           D:1 |       0 |      62 |   0.0 |       0 |      37 |   0.0 |   945
           D:2 |       0 |     116 |   0.0 |       0 |      29 |   0.0 |   879
           D:3 |       0 |     346 |   0.0 |       0 |      21 |   0.0 |   522
           D:4 |       0 |     127 |   0.0 |       0 |      11 |   0.0 |   369
               +---------+---------+-------+---------+---------+-------+---------
